 Dungeon Crawl Stone Soup version 0.30-b1-2-g02819fbbbe (webtiles) character file.

Game seed: 3271520538056657043

532 ProbSom1Imp the Poker (level 7, -2/59 HPs)
             Began as a Minotaur Gladiator on June 19, 2023.
             Was a Believer of Dithmenos.
             Slain by Edmund
             ... wielding a +2 flail of distortion
              (16 damage)
             ... on level 5 of the Dungeon.
             The game lasted 00:22:15 (5034 turns).

ProbSom1Imp the Poker (Minotaur Gladiator)          Turns: 5034, Time: 00:22:16

Health: -2/59      AC: 15    Str: 19    XL:     7   Next: 4%
Magic:  2/6        EV:  9    Int:  5    God:    Dithmenos [**....]
Gold:   151        SH:  5    Dex: 13    Spells: 6/6 levels left

rFire   + . .        a - +0 trident
rCold   . . .        (no shield)
rNeg    . . .        f - +1 chain mail
rPois   .            c - +0 hat
rElec   .            (no cloak)
rCorr   .            h - +0 pair of gloves
SInv    .            (no boots)
Will    .....        A - amulet of reflection Stlth
                     n - ring of protection from fire
HPRegen 0.29/turn    x - +4 ring of protection
MPRegen 0.10/turn

%: reflection
@: mighty, wreathed by umbra
A: horns 2, retaliatory headbutt
a: Renounce Religion, Shadow Step


You were on level 5 of the Dungeon.
You worshipped Dithmenos.
Dithmenos was pleased with you.
You visited 2 branches of the dungeon, and saw 6 of its levels.

You collected 193 gold pieces.
You spent 42 gold pieces at shops.

Inventory:

Hand Weapons
 a - a +0 trident (weapon)
Missiles
 d - 3 throwing nets (quivered)
 e - a javelin
 j - 9 poisoned darts
Armour
 b - a +0 leather armour
 c - a +0 hat (worn)
 f - a +1 chain mail (worn)
 h - a +0 pair of gloves (worn)
Jewellery
 n - a ring of protection from fire (left hand)
 x - a +4 ring of protection (right hand)
 A - an amulet of reflection (around neck)
Wands
 C - a wand of mindburst (12)
Scrolls
 g - 3 scrolls of identify
 l - a scroll of silence
 o - a scroll of immolation {unknown}
 p - 2 scrolls of magic mapping
 u - 2 scrolls of blinking {unknown}
 v - a scroll of fog {unknown}
 y - 2 scrolls of fear {unknown}
 z - a scroll of poison {unknown}
Potions
 i - a potion of haste {unknown}
 k - a potion of degeneration {unknown}
 q - a potion of flight {unknown}
 r - a potion of brilliance
 t - a potion of ambrosia {unknown}
 w - a potion of heal wounds {unknown}
 B - a potion of attraction


   Skills:
 + Level 4.0 Fighting
 + Level 7.1 Polearms
 + Level 2.6 Throwing
 + Level 3.8 Armour
 + Level 4.1 Dodging
 + Level 0.3 Stealth
 + Level 0.2 Shields


You had 6 spell levels left.
You didn't know any spells.
Your spell library contained the following spells:

 Spells                   Type           Power      Damage    Failure   Level
 Magic Dart               Conj           0%         1d3       99%         1
 Call Imp                 Summ           0%         N/A       100%        2
 Mephitic Cloud           Conj/Pois/Air  0%         N/A       100%        3


Dungeon Overview and Level Annotations

Branches:
Dungeon (5/15)             Temple (1/1) D:4

Altars:
Dithmenos
Elyvilon
Hepliaklqana
Kikubaaqudgha
Nemelex Xobeh
Okawaru
Sif Muna
Uskayaw
Vehumet
Wu Jian
Xom
Zin
The Shining One

Shops:
D:2 !

Annotations:
D:5 Edmund


Innate Abilities, Weirdness & Mutations

You have a pair of horns on your head.
You reflexively headbutt those who attack you in melee.


Message History

The scorpion stings you. You block the gnoll's attack.
You hit the scorpion. You headbutt the scorpion.
The scorpion is almost dead.
The scorpion stings you but does no damage.
The gnoll hits you with a +0 club. The scorpion barely misses you.
You puncture the scorpion!
You kill the scorpion!
Dithmenos accepts your kill. The gnoll hits you but does no damage.
Your Fighting skill increases to level 4!
You have reached level 7!
You hit the adder.
The adder is lightly wounded.
You block the adder's attack.
A shadow imp comes into view.
The gnoll closely misses you.
The shadow imp shouts!
You puncture the adder!
You kill the adder!
Dithmenos accepts your kill.
You barely miss Edmund. You headbutt Edmund! You punch Edmund.
Edmund is moderately wounded.
The gnoll barely misses you. Edmund barely misses you.
You puncture Edmund!
Edmund is heavily wounded.
The gnoll hits you but does no damage.
Edmund hits you with a +2 flail of distortion.
Space warps around you.
You puncture Edmund!
Edmund is severely wounded.
The gnoll hits you but does no damage.
Edmund hits you with a +2 flail of distortion!
* * * LOW HITPOINT WARNING * * *
Space warps around you.
* * * LOW HITPOINT WARNING * * *
You feel better. The gnoll hits you with a +0 club.
Edmund hits you with a +2 flail of distortion.
* * * LOW HITPOINT WARNING * * *
Space warps horribly around you!
You die...

......# ..g...g .....#
....... #....# ### ..~~~..
#....# #.. ..~~~.. #....#
......... [.~~~..##..).#
##....##. ..~~~.....5?.#
####. #.
...8...###@g.##########.##.
.........)@)..........# ...
......###############.# #.
####. #.# #. # #.# ## #.#
#.# #.# #.##### #......


You could see Edmund, a gnoll (swift) and a shadow imp.

Vanquished Creatures
  2 scorpions
  An orc priest (D:3)
  A jelly (D:4)
  A gnoll bouda (D:5)
  A sleepcap (D:4)
  An orc wizard (D:4)
  Robin (D:4)
  11 gnolls
  8 adders
  A dart slug (D:2)
  11 orcs
  9 ball pythons
  6 bats
  4 endoplasms
  A giant cockroach (D:3)
  6 goblins
  11 hobgoblins
  3 jackals (D:5)
  4 quokkas
  A frilled lizard (D:1)
  5 kobolds
  A rat (D:3)
90 creatures vanquished.

Notes
Turn   | Place    | Note
-------+----------+-------------------------------------------
     0 | D:1      | ProbSom1Imp the Minotaur Gladiator began the quest for the
                  | Orb.
     0 | D:1      | Reached XP level 1. HP: 18/18 MP: 0/0
   291 | D:1      | Reached skill level 4 in Polearms
   347 | D:1      | Reached XP level 2. HP: 25/25 MP: 1/1
   484 | D:1      | Found a faded altar of an unknown god.
   509 | D:1      | Prayed at the altar of an unknown god.
   509 | D:1      | Became a worshipper of Dithmenos the Shadowed
   509 | D:1      | Reached * piety under Dithmenos
   680 | D:2      | Found a shimmering altar of Xom.
   868 | D:2      | Reached XP level 3. HP: 30/30 MP: 2/2
  1070 | D:2      | Reached skill level 1 in Armour
  1073 | D:2      | HP: 1/30 [gnoll/+0 whip (4)]
  1205 | D:2      | Noticed a scorpion
  1213 | D:2      | Reached skill level 5 in Polearms
  1213 | D:2      | Reached XP level 4. HP: 34/37 MP: 3/3
  1217 | D:2      | Killed a scorpion
  1330 | D:2      | Found Ochazoarr's Distillery.
  1364 | D:2      | Reached XP level 5. HP: 45/45 MP: 4/4
  1369 | D:2      | Bought a potion of curing for 42 gold pieces
  1849 | D:3      | Reached ** piety under Dithmenos
  2159 | D:3      | Reached skill level 6 in Polearms
  2160 | D:3      | Reached XP level 6. HP: 51/51 MP: 5/5
  2828 | D:4      | Noticed Robin
  2835 | D:4      | Killed Robin
  3071 | D:4      | Found a staircase to the Ecumenical Temple.
  3092 | Temple   | Entered the Ecumenical Temple
  4586 | D:4      | Found a shadowy altar of Dithmenos.
  4875 | D:5      | Entered Level 5 of the Dungeon
  5007 | D:5      | Noticed Edmund
  5026 | D:5      | Reached skill level 7 in Polearms
  5029 | D:5      | Reached XP level 7. HP: 34/59 MP: 2/6
  5034 | D:5      | Slain by Edmund

Illustrated notes

Levels and vault maps discovered:
D:1:      heliophobic_arrival_dark_side_of_the_moon, layout_basic,
          chequers_ecumenical_altar_simple_redux, minmay_tromino_i2
D:2:      layout_loops_cross, serial_shops, nicolae_shop_waterfront, basic_altar
D:3:      layout_loops_ring, chequers_serial_rivers_micro_e,
          minmay_quadrilaterals
D:4:      layout_loops_ring, lemuel_coloured_pillars_altar,
          minmay_temple_entry_offerings, serial_glass, glass_columns_a,
          glass_columns_a, uniq_robin
D:5:      layout_basic, nicolae_ru_path_of_blood, serial_park_tiny_pond,
          uniq_edmund, uniq_grinder, uniq_menkaure, uniq_pikel
Temple:   grunt_temple_mini_profane

Skill      XL: |  1  2  3  4  5  6 |
---------------+-------------------+-----
Polearms       | 4 5 6 7 |  7.1
Armour         | 1 2 3 |  3.8
Fighting       | 3 4 |  4.0
Dodging        | 4 |  4.1
Throwing       | |  2.6
Stealth        | |  0.3
Shields        | |  0.2

Action                     |  1- 3 |  4- 6 |  7- 9 || total
---------------------------+-------+-------+-------++-------
  Melee: Trident           |    58 |   175 |     5 ||   238
         Headbutt          |     9 |    28 |     1 ||    38
         Punch             |       |     1 |     1 ||     2
 Invoke: Shadow Step       |       |     2 |       ||     2
    Use: Potion            |     3 |     3 |     1 ||     7
         Scroll            |     2 |     2 |       ||     4
 Armour: Chain mail        |    31 |   111 |     2 ||   144
  Dodge: Dodged            |    41 |   112 |     3 ||   156
  Block: Other             |       |    11 |     1 ||    12
